zeetha, chaotic female human Rogue ---- ---- --- |..| ------ |..-- --.---- --..---- |.....-- ---...---.....| ----- --......| |......---- - |......>..)...| --...--- |.......---|.........| ....--.---------.|.|--......| --........|--........-- ...........- |.|.||....|..| --.......---..--.--..-- .............. |.|.||.--.|--- ---............||.||...| ...............| -.|.||.||.| |.......--------|.||..-- ..............- .....-|.||.| |.......-- |.| --- -.- -.......`.....| |......|.||.| --.......| |.| |.. -............- -.<..-|.||.| |.......| |.| -------------.- ......---... |....||.||.| ---..|.-- |.| --...........[.--------...-- --..-||.||.| --.|-- |.| |..........%..%%.........-- |...||.||.| ---.| ---@| --...---------------------- ---.--.||.| ---...-- |.%.| |...-- |....||.|- |.......- ---.------.--- ---..||.|.| |........| |...| |...| |..||...-- ----....- |..-----.--- ----|....| --..- |........| |...-- --- ---------- ----- zeetha the Cutpurse Experience level: 5 Strength: 16 Dexterity: 17 Constitution: 13 Intelligence: 7 Wisdom: 11 Charisma: 11 Health: 36(44) Energy: 20(20) Def: 7 Gold: 211 Moves: 1289 Dungeon seed: nU8LCjpeS1qGF_MD Game ID: zeetha_1552076056 Your Inventory: Coins $ - 211 gold pieces Weapons a - an uncursed +0 dagger named Sharptooth (weapon in hand) b - 10 uncursed +0 daggers (in quiver) w - 60 uncursed +0 darts A - 4 uncursed +0 daggers E - a blessed +1 dagger O - 3 cursed +0 daggers P - a cursed -1 dart Q - an uncursed +1 dart Armor e - an uncursed +1 leather armor (being worn) n - an uncursed +0 pair of leather gloves (being worn) q - an uncursed +0 orcish shield (being worn) r - an uncursed +0 pair of speed boots (being worn) y - an uncursed +0 orcish helm (being worn) C - a cursed -1 dwarvish cloak K - an uncursed +0 dwarvish cloak L - an uncursed +0 dwarvish cloak Y - a blessed +0 dwarvish cloak Comestibles h - 2 uncursed food rations i - an uncursed lichen corpse Spellbooks I - an uncursed spellbook of create monster Potions G - a cursed potion of levitation Rings u - an uncursed ring of conflict Tools g - an uncursed blindfold j - a cursed magic lamp (lit) k - an uncursed lock pick m - an uncursed skeleton key v - 6 uncursed tallow candles (0:200) B - an uncursed sack D - an uncursed magic marker (0:47) Gems z - an uncursed worthless piece of yellow glass F - an uncursed agate stone J - 2 uncursed worthless pieces of white glass M - an uncursed luckstone N - 2 uncursed jasper stones Contents of the sack: 254 gold pieces an uncursed +0 short sword an uncursed scroll of light an uncursed potion of sickness an uncursed potion of water an uncursed ring of sustain ability Spells and supernatural/magical abilities: Name Level Category Fail Memory W - pray for help -- divine ? -- Your skills at the end: Fighting Skills Weapon Skills dagger [Skilled] short sword [Basic] Spellcasting Skills Final Attributes: You had strayed. You were stealthy. You were very fast. You were lucky. You had extra luck. Bad luck did not time out for you. Good luck did not time out for you. You survived. Vanquished creatures: a bugbear 3 gnome lords 2 gnomish wizards 5 dwarves a monkey 2 giant rats 16 gnomes a gecko a jackal a fox 2 goblins 4 grid bugs 5 lichens 3 newts 47 creatures vanquished. Voluntary challenges: You were an atheist. You used a wielded weapon 73 times, starting on turn 31. You read items or engraved 2 times, starting on turn 314. You never genocided any monsters. You never polymorphed an object. You never changed form. You used no wishes. You never split a pudding. You wrote Elbereth's name 2 times, starting on turn 314. You violated your moral code, losing 23 points of alignment, starting on turn 1288. Dungeon overview: The Dungeons of Doom: levels 1 to 5 Level 1 a fountain a long staircase Level 2 a general store, some fountains Level 3 an armor shop Level 4 a fountain stairs to The Gnomish Mines Level 5 a fountain The Gnomish Mines: levels 5 to 7 Level 5 <- You were here stairs to The Dungeons of Doom Level 6 Level 7 History has recorded: On T:1 you entered the Dungeons of Doom to retrieve the Amulet of Yendor! On T:94 you reached level 2 of The Dungeons of Doom. On T:154 you reached level 3 of The Dungeons of Doom. On T:661 you advanced to experience level 2. On T:699 you reached level 4 of The Dungeons of Doom. On T:706 you advanced to experience level 3. On T:758 you reached level 5 of The Dungeons of Doom. On T:814 you reached level 1 of The Gnomish Mines. On T:898 you reached level 2 of The Gnomish Mines. On T:915 you advanced to experience level 4. On T:1005 you advanced to experience level 5. On T:1017 you reached level 3 of The Gnomish Mines. Score breakdown: Gold: 465 ( 9076 points) Experience: 5 levels (11141 points) Exploration: 7 levels ( 13.73%) (10392 points) Discoveries: 4 items ( 1.34%) ( 3475 points) Valuables value: (no points given unless you survive) Artifact value: 0 ( 0 points) Variety of kills: 14 monsters ( 3.67%) ( 5750 points) Turncount: 1289 turns ( 0 points) Survival: quit (score multiplied by 90%) Total score: 35850 Latest messages: You strike the monkey from behind! You kill the monkey! You have a little trouble lifting b - an uncursed +0 dagger (in quiver). You see here an uncursed +0 dagger named Sharptooth. You have a little trouble lifting a - an uncursed +0 dagger named Sharptooth. You are now wielding your dagger named Sharptooth. You have a little trouble lifting b - 2 uncursed +0 daggers (in quiver). Please move the cursor to an unknown object. A peaceful bugbear, trapped in a bear trap on a bear trap on the floor of a room. Whoops... Whoops... Please move the cursor to an unknown object. A peaceful bugbear, trapped in a bear trap on a bear trap on the floor of a room. Whoops... You kill the bugbear! Final status: Goodbye zeetha the Rogue, quit... You quit in The Gnomish Mines on dungeon level 5 with 35850 points, and 465 pieces of gold, after 1289 moves. You were level 5 with a maximum of 44 hit points when you quit.